 Dungeon Crawl Stone Soup version 0.22-a0-192-g6ffc940 (webtiles) character file.

186 Azzok the Magician (level 5, -1/28 HPs)
             Began as a Deep Elf Fire Elementalist on Feb 16, 2018.
             Slain by an ice beast (10 damage)
             ... on level 3 of the Dungeon.
             The game lasted 00:04:18 (2419 turns).

Azzok the Magician (Deep Elf Fire Elementalist)     Turns: 2419, Time: 00:04:19

Health: -1/28      AC:  2    Str:  5    XL:     5   Next: 38%
Magic:  9/14       EV: 13    Int: 21    God:
Gold:   108        SH:  0    Dex: 15    Spells: 13/14 levels left

rFire    . . .     SeeInvis .   e - +0 short sword
rCold    . . .     Gourm    .   (no shield)
rNeg     . . .     Faith    .   a - +0 robe
rPois    +         Spirit   .   (no helmet)
rElec    .         Reflect  .   o - scarf {repulsion}
rCorr    .         Harm     .   (no gloves)
MR       .....                  (no boots)
Stlth    ++........             (no amulet)
HPRegen  0.09/turn              j - ring of poison resistance
MPRegen  0.14/turn              (no ring)

@: repel missiles
A: no striking features
a: no special abilities


You were on level 3 of the Dungeon.
You were not hungry.

You visited 1 branch of the dungeon, and saw 3 of its levels.

You collected 108 gold pieces.

Inventory:

Hand Weapons
 e - a +0 short sword (weapon)
Armour
 a - a +0 robe (worn)
 o - a scarf of repulsion (worn)
Jewellery
 j - a ring of poison resistance (left hand)
Scrolls
 d - 2 scrolls of magic mapping {unknown}
 g - 2 scrolls of identify {unknown}
 h - a scroll of remove curse {unknown}
 k - a scroll of enchant armour {unknown}
 l - 2 scrolls of enchant weapon {unknown}
 n - a scroll of random uselessness {unknown}
 p - a scroll of fear {unknown}
Potions
 f - a potion of agility {unknown}
 i - 2 potions of berserk rage {unknown}
 q - a potion of flight {unknown}
 r - a potion of lignification {unknown}
Books
 b - a book of Flames

   Spells                             Type                      Level
   a - Flame Tongue                   Conjuration/Fire             1
   b - Throw Flame                    Conjuration/Fire             2
   c - Conjure Flame                  Conjuration/Fire             3
   d - Inner Flame                    Hexes/Fire                   3
   e - Sticky Flame                   Conjuration/Fire             4
   f - Fireball                       Conjuration/Fire             5
Comestibles
 c - 8 rations
 m - 4 chunks of flesh


   Skills:
 - Level 2.4 Dodging
 - Level 2.4 Stealth
 + Level 5.0 Spellcasting
 + Level 3.4 Conjurations
 + Level 4.7 Fire Magic


You had 13 spell levels left.
You knew the following spells:

 Your Spells              Type           Power        Failure   Level  Hunger
a - Flame Tongue          Conj/Fire      ###..        1%          1    None


Dungeon Overview and Level Annotations

Branches:
Dungeon (3/15)

Altars:
Makhleb
Xom
Yredelemnul


Message History

The ice beast is heavily wounded.
Casting: Flame Tongue (safe; 1% risk of failure)
Confirm with . or Enter, or press ? or * to list all spells.
Aiming: Flame Tongue (safe; 1% risk of failure)
Press: ? - help, Shift-Dir - straight line, f/p - ice beast
Aim: an ice beast (heavily wounded)
The flame tongue misses the ice beast.
The ice beast hits you. The ice beast freezes you!
Ouch! That really hurt!
Casting: Flame Tongue (safe; 1% risk of failure)
Confirm with . or Enter, or press ? or * to list all spells.
Aiming: Flame Tongue (safe; 1% risk of failure)
Press: ? - help, Shift-Dir - straight line, f/p - ice beast
Aim: an ice beast (heavily wounded)
The flame tongue hits the ice beast.
The ice beast melts!
The ice beast is heavily wounded.
The ice beast hits you.
* * * LOW HITPOINT WARNING * * *
The ice beast freezes you!
You die...

▒▒▒ ▒▒▒▒▒▒▒▒▒▒·▒▒
·$··········▒▒▒▒▒▒
▒···············▒
·▒▒<·▒▒······▒▒▒··▒▒▒▒▒▒
······Y@▒▒···>·····))···
·····▒▒▒▒▒··▒▒▒▒··▒▒▒▒▒▒
·▒▒▒ ▒··▒ ▒··▒ ▒··▒ ▒··▒
▒··▒ ▒··▒▒▒▒▒▒ ▒··▒
▒·······▒ ▒·▒▒▒▒▒·▒ ▒▒·▒
▒··▒ ·▒


You could see an ice beast.

Vanquished Creatures
  A bullfrog (D:3)
  A worker ant (D:3)
  An adder (D:2)
  A worm (D:2)
  4 dart slugs
  3 leopard geckos
  8 orcs (D:3)
  8 bats
  3 giant cockroaches (D:2)
  5 hobgoblins
  6 jackals (D:2)
  2 quokkas (D:2)
  2 ball pythons
  5 frilled lizards
  8 goblins
  5 kobolds
  5 rats
68 creatures vanquished.

Notes
Turn   | Place    | Note
-------+----------+-------------------------------------------
     0 | D:1      | Azzok the Deep Elf Fire Elementalist began the quest for the Orb.
     0 | D:1      | Reached XP level 1. HP: 10/10 MP: 6/6
   263 | D:1      | Reached XP level 2. HP: 14/15 MP: 2/8
   985 | D:1      | Reached XP level 3. HP: 19/19 MP: 5/10
  1237 | D:2      | Found a burning altar of Makhleb.
  1346 | D:2      | Found a basalt altar of Yredelemnul.
  1456 | D:2      | Reached skill level 4 in Spellcasting
  1906 | D:2      | Reached XP level 4. HP: 20/24 MP: 8/12
  1940 | D:2      | Found a shimmering altar of Xom.
  2082 | D:3      | Noticed a bullfrog
  2088 | D:3      | Killed a bullfrog
  2088 | D:3      | Reached XP level 5. HP: 12/28 MP: 4/14
  2343 | D:3      | Reached skill level 5 in Spellcasting
  2413 | D:3      | Noticed an ice beast
  2419 | D:3      | Slain by an ice beast

Vault maps used:
D:1:      minmay_arrival_diagonal_passages, serial_forest,
          infiniplex_forest_end_2, infiniplex_forest_end_2,
          infiniplex_forest_clump_cross, infiniplex_forest_lined_room_3,
          infiniplex_forest_clump_small, infiniplex_forest_straight_1,
          infiniplex_forest_straight_3, infiniplex_forest_clump_small,
          minmay_three_crescents
D:2:      lemuel_round_altar, overflow_temple_1_default, corexii_corridor_pit,
          xom_teletrap_fun
D:3:      nicolae_tso_swordbearing_angel, hangedman_feature_mirror

Skill      XL: |  1  2  3  4  5 |
---------------+----------------+-----
Conjurations   | 2 3 |  3.4
Spellcasting   | 4 5 |  5.0
Fire Magic     | 4 |  4.7
Dodging        | |  2.4
Stealth        | |  2.4

Action                   |  1- 3 |  4- 6 || total
-------------------------+-------+-------++-------
Melee: Unarmed           |     6 |       ||     6
       Short sword       |    36 |       ||    36
 Cast: Flame Tongue      |    91 |    33 ||   124
  Eat: Chunk             |     3 |     1 ||     4
Armor: Robe              |     4 |       ||     4
Dodge: Dodged            |    42 |     5 ||    47

Table legend:
 A = Spawn XP
 B = Non-spawn XP
 C = Spawn XP percentage of total XP
 D = Spawn monster count
 E = Non-spawn monster count
 F = Spawn count percentage of total count
 G = Total turns spent on level
                    A         B        C        D         E        F      G
               +---------+---------+-------+---------+---------+-------+---------
         Total |       0 |     267 |   0.0 |       0 |      68 |   0.0 |  2419
               +---------+---------+-------+---------+---------+-------+---------
           D:1 |       0 |      43 |   0.0 |       0 |      25 |   0.0 |  1202
           D:2 |       0 |      72 |   0.0 |       0 |      30 |   0.0 |   877
           D:3 |       0 |     152 |   0.0 |       0 |      13 |   0.0 |   340
               +---------+---------+-------+---------+---------+-------+---------
